 Dungeon Sprint DCSS version 0.17.2-1-ge4368a0 (webtiles) character file.

4020 hexophile the Martial Artist (level 10, -1/80 HPs)
             Began as a Demonspawn Monk on Oct 11, 2016.
             Was the Champion of Cheibriados.
             Slain by a five-headed hydra (6 damage)
             ... in the Dungeon (Sprint IX: "|||||||||||||||||||||||||||||").
             The game lasted 00:02:56 (956 turns).

hexophile the Martial Artist (Demonspawn Monk)       Turns: 956, Time: 00:02:56

Health: -1/80      AC: 16    Str: 28    XL:     10   Next: 3%
Magic:  6/20       EV: 16    Int: 32    God:    Cheibriados [******]
Gold:   20         SH:  0    Dex: 33    Spells: 0 memorised, 9 levels left

rFire  . . .     SeeInvis .       - Unarmed
rCold  . . .     Clarity  .     j - +1 chain mail
rNeg   . . .     SustAt   .     (no shield)
rPois  .         Gourm    .     b - +2 hat
rElec  .         Spirit   .     k - +0 cloak
rCorr  .         Warding  .     (no gloves)
rMut   .         NoTele   +     (no boots)
MR     .....                    (no amulet)
Stlth  ..........               m - +3 ring of dexterity
                                l - +3 ring of intelligence

@: very slow, not resistant to hostile enchantments, extremely unstealthy
A: antennae 2, yellow scales 1, rot immunity
a: Bend Time, Temporal Distortion, Slouch, Step From Time, Renounce Religion


You were in the Dungeon.
You worshipped Cheibriados.
Cheibriados was exalted by your worship.
You were not hungry.

You visited 1 branch You collected 20 gold pieces.


Innate Abilities, Weirdness & Mutations

You have a pair of antennae on your head.
You are partially covered in yellow scales (AC +2).
You are immune to rotting.

Inventory:

Armour
 b - a +2 hat (worn)
 j - a +1 chain mail (worn)
 k - a +0 cloak (worn)
Jewellery
 l - a +3 ring of intelligence (left hand)
 m - a +3 ring of dexterity (right hand)
Wands
 i - a wand of cold (1)
Scrolls
 g - 3 scrolls of remove curse
 h - 2 scrolls of blinking
 o - 5 scrolls of enchant weapon
 p - a scroll of fog
 q - a scroll of fear
 s - a scroll of identify
Potions
 a - a potion of might {Str+5 DMG+1d10}
 c - 5 potions of curing
 d - a potion of invisibility
 e - 4 potions of heal wounds
 f - 4 potions of magic
 n - a potion of brilliance {Archmagi Int+5 Wiz++}
Comestibles
 r - a bread ration


You had 9 spell levels left.
You didn't know any spells.


   Skills:
 * Level 7.9 Fighting
 * Level 6.5 Armour
 * Level 7.2 Dodging
 - Level 1.7 Stealth
 * Level 14.9 Unarmed Combat
 - Level 14.2 Invocations

Dungeon Overview and Level Annotations

Branches:
Dungeon (1/1)

Altars:
Cheibriados
Dithmenos
Elyvilon
Fedhas
Gozag
Kikubaaqudgha
Makhleb
Nemelex Xobeh
Okawaru
Qazlal
Ru
Sif Muna
Trog
Vehumet
Xom
Yredelemnul
Zin
The Shining One
Beogh
Jiyva
Lugonu

Vault maps used:
D:        linesprint
You       could see a five-headed hydra and a spiny frog.


Message History

You kill the komodo dragon!
Cheibriados appreciates the change of pace.
Cheibriados raises the support of your attributes as your movement slows.
Your Armour skill increases to level 6!
You kill the river rat!
Cheibriados thoroughly appreciates the change of pace.
You kill the porcupine!
Cheibriados appreciates the change of pace.
You kill the porcupine!
Cheibriados appreciates the change of pace.
Your Dodging skill increases to level 7!
You feel somewhat more hungry.
A wolf comes into view.
Unknown command.
The wolf howls!
You punch the five-headed hydra! You punch the five-headed hydra!!
The five-headed hydra is almost dead.
The five-headed hydra bites you. x2
The five-headed hydra bites you but does no damage. x2
The five-headed hydra bites you!
A spiny frog comes into view.
You lost 14 HP.
You have now: 42/72 HP.
The flow of time bends around you.
Cheibriados rebukes the five-headed hydra.
The five-headed hydra seems to slow down.
You feel slightly more hungry.
The spiny frog croaks.
The five-headed hydra bites you!
The five-headed hydra barely misses you.
The five-headed hydra bites you!
* * * LOW HITPOINT WARNING * * *
The five-headed hydra bites you!
* * * LOW HITPOINT WARNING * * *
The five-headed hydra bites you but does no damage.
You lost 27 HP.
You have now: 15/72 HP.
Unknown command.
Unknown command.
You can feel time thicken for a moment.
You kill the hippogriff!
Cheibriados appreciates the change of pace.
You have reached level 10!
You kill the wolf!
Cheibriados thoroughly appreciates the change of pace.
You feel somewhat more hungry. The five-headed hydra bites you!
* * * LOW HITPOINT WARNING * * *
The five-headed hydra bites you.
* * * LOW HITPOINT WARNING * * *
The five-headed hydra closely misses you.
The five-headed hydra bites you.
You die...

Action                   |  1- 3 |  4- 6 |  7- 9 | 10-12 || total
-------------------------+-------+-------+-------+-------++-------
Melee: Unarmed           |    33 |    34 |    30 |       ||    97
Invok: Slouch            |       |       |     1 |     1 ||     2
       Bend Time         |       |       |     1 |       ||     1
Evoke: Wand              |       |     2 |     4 |       ||     6
  Use: Potion            |     2 |       |       |       ||     2

Notes
Turn   | Place    | Note
--------------------------------------------------------------
     0 | D        | hexophile the Demonspawn Monk began the quest for the Orb.
     0 | D        | Reached XP level 1. HP: 18/18 MP: 1/1
     6 | D        | Reached skill level 4 in Unarmed Combat
    21 | D        | Noticed a centaur
    21 | D        | Noticed a hound
    33 | D        | Killed a hound
    33 | D        | Reached skill level 7 in Unarmed Combat
    33 | D        | Gained mutation: You have a pair of small antennae on your head. [demonic ancestry]
    33 | D        | Reached XP level 2. HP: 24/24 MP: 2/2
    33 | D        | Gained mutation: You have a pair of antennae on your head. [demonic ancestry]
    33 | D        | Reached XP level 3. HP: 29/29 MP: 3/3
    47 | D        | Banished a spatial maelstrom
    50 | D        | Killed a centaur
    50 | D        | Reached skill level 9 in Unarmed Combat
    50 | D        | Reached XP level 4. HP: 18/35 MP: 4/4
    60 | D        | Found a glowing silver altar of Zin.
    60 | D        | Found a glowing golden altar of the Shining One.
    60 | D        | Found an ancient bone altar of Kikubaaqudgha.
    60 | D        | Found a basalt altar of Yredelemnul.
    60 | D        | Found a shimmering altar of Xom.
    60 | D        | Found a radiant altar of Vehumet.
    61 | D        | Found an iron altar of Okawaru.
    62 | D        | Found a burning altar of Makhleb.
    63 | D        | Found a deep blue altar of Sif Muna.
    64 | D        | Found a bloodstained altar of Trog.
    65 | D        | Found a sparkling altar of Nemelex Xobeh.
    66 | D        | Found a white marble altar of Elyvilon.
    71 | D        | Found a roughly hewn altar of Beogh.
    72 | D        | Found a viscous altar of Jiyva.
    73 | D        | Found a corrupted altar of Lugonu.
   162 | D        | Found a blossoming altar of Fedhas.
   163 | D        | Found a snail-covered altar of Cheibriados.
   164 | D        | Found a shadowy altar of Dithmenos.
   165 | D        | Found a stormy altar of Qazlal.
   166 | D        | Found an opulent altar of Gozag.
   167 | D        | Found a sacrificial altar of Ru.
   172 | D        | Became a worshipper of Cheibriados the Contemplative
   172 | D        | Reached * piety under Cheibriados
   172 | D        | Reached ** piety under Cheibriados
   220 | D        | Noticed a centaur
   220 | D        | Noticed a phantom
   220 | D        | Noticed a scorpion
   220 | D        | Noticed a crimson imp
   220 | D        | Noticed a centaur
   237 | D        | Reached skill level 1 in Invocations
   237 | D        | Gained mutation: You are immune to rotting. [demonic ancestry]
   237 | D        | Reached XP level 5. HP: 41/41 MP: 4/6
   242 | D        | Killed a centaur
   242 | D        | Reached skill level 10 in Unarmed Combat
   242 | D        | Reached skill level 5 in Invocations
   243 | D        | Killed a crimson imp
   243 | D        | Reached skill level 6 in Invocations
   246 | D        | Killed a scorpion
   246 | D        | Reached *** piety under Cheibriados
   246 | D        | Reached skill level 7 in Invocations
   246 | D        | Reached XP level 6. HP: 14/47 MP: 4/11
   247 | D        | Killed a centaur
   247 | D        | Reached skill level 11 in Unarmed Combat
   247 | D        | Reached skill level 9 in Invocations
   248 | D        | Killed a phantom
   248 | D        | Reached **** piety under Cheibriados
   248 | D        | Reached skill level 10 in Invocations
   416 | D        | Noticed a hill giant
   416 | D        | Noticed a soldier ant
   416 | D        | Noticed a manticore
   416 | D        | Noticed a worker ant
   416 | D        | Noticed an ice beast
   416 | D        | Noticed a scorpion
   418 | D        | Killed a scorpion
   423 | D        | Killed an ice beast
   423 | D        | Reached skill level 12 in Unarmed Combat
   423 | D        | Reached skill level 11 in Invocations
   423 | D        | Gained mutation: You are partially covered in yellow scales (AC +2). [demonic ancestry]
   423 | D        | Reached XP level 7. HP: 45/52 MP: 13/15
   424 | D        | Killed a worker ant
   424 | D        | Reached ***** piety under Cheibriados
   426 | D        | Killed a manticore
   426 | D        | Reached skill level 13 in Unarmed Combat
   426 | D        | Reached skill level 12 in Invocations
   426 | D        | Killed a soldier ant
   426 | D        | Reached skill level 13 in Invocations
   426 | D        | Reached XP level 8. HP: 30/58 MP: 13/17
   427 | D        | Killed a hill giant
   427 | D        | Reached skill level 14 in Invocations
   593 | D        | Noticed Gastronok
   615 | D        | Killed Gastronok
   615 | D        | Reached skill level 6 in Fighting
   615 | D        | Reached skill level 5 in Armour
   615 | D        | Reached skill level 6 in Dodging
   615 | D        | Reached skill level 14 in Unarmed Combat
   615 | D        | Reached XP level 9. HP: 14/71 MP: 19/19
   941 | D        | Noticed a five-headed hydra
   941 | D        | Noticed a porcupine
   941 | D        | Noticed a hippogriff
   941 | D        | Noticed a komodo dragon
   941 | D        | Noticed a black mamba
   947 | D        | Killed a black mamba
   947 | D        | Reached skill level 7 in Fighting
   949 | D        | Noticed a porcupine
   953 | D        | Killed a komodo dragon
   953 | D        | Reached ****** piety under Cheibriados
   953 | D        | Reached skill level 6 in Armour
   953 | D        | Killed a porcupine
   953 | D        | Killed a porcupine
   953 | D        | Reached skill level 7 in Dodging
   954 | D        | Noticed a wolf
   955 | D        | Noticed a spiny frog
   956 | D        | Killed a hippogriff
   956 | D        | Reached XP level 10. HP: 16/80 MP: 11/20
   956 | D        | Killed a wolf
   956 | D        | Slain by a five-headed hydra

Table legend:
 A = Turns spent in this place as a percentage of turns spent in the entire game.
 B = Non-inter-level travel turns spent in this place as a percentage of non-inter-level travel turns spent in the entire game.
 C = Inter-level travel turns spent in this place as a percentage of turns spent in this place.
 D = Turns resting spent in this place as a percentage of non-inter-level travel turns spent in this place.
 E = Turns spent auto-exploring this place as a percentage of non-inter-level travel turns spent in this place.
 F = Non-inter-level travel turns spent in this place divided by the number of levels of this place that you've seen.
                   A       B       C       D       E      F
               +-------+-------+-------+-------+-------+----------------------
         Total | 100.0 | 100.0 |   0.0 |   5.5 |   1.5 | 330.0
       Dungeon | 100.0 | 100.0 |   0.0 |   5.5 |   1.5 | 330.0
               +-------+-------+-------+-------+-------+----------------------

Table legend:
 A = Kills in this place as a percentage of kills in entire the game.
 B = Kills by you in this place as a percentage of kills by you in the entire game.
 C = Kills by friends in this place as a percentage of kills by friends in the entire game.
 D = Other kills in this place as a percentage of other kills in the entire game.
 E = Experience gained in this place as a percentage of experience gained in the entire game.
 F = Experience gained in this place divided by the number of levels of this place that you have seen.
                   A       B       C       D       E      F
               +-------+-------+-------+-------+-------+----------------------
         Total | 100.0 | 100.0 |  -nan |  -nan | 100.0 | 5743.0
       Dungeon | 100.0 | 100.0 |  -nan |  -nan | 100.0 | 5743.0
               +-------+-------+-------+-------+-------+----------------------

Vanquished Creatures
  Gastronok (D)
  A hill giant (D)
  A manticore (D)
  A black mamba (D)
  A komodo dragon (D)
  A wolf (D)
  A hippogriff (D)
  A soldier ant (D)
  2 porcupines (D)
  An ice beast (D)
  A phantom (D)
  3 centaurs (D)
  2 scorpions (D)
  A hound (D)
  A crimson imp (D)
  A worker ant (D)
  2 adders (D)
  A river rat (D)
  2 giant cockroaches (D)
  2 goblins (D)
  2 kobolds (D)
  A giant newt (D)
30 creatures vanquished.

Vanquished Creatures (others)
  A spatial maelstrom (D)
1 creature vanquished.

Grand Total: 31 creatures vanquished
